 Dungeon Crawl Stone Soup version 0.23.2-40-g277498a001 (webtiles) character file.

Game seed: 18161892754900596365

66 DenSaoPin the Charmwright (level 3, -2/28 HPs)
             Began as a Demonspawn Skald on Oct 10, 2019.
             Slain by Crazy Yiuf
             ... wielding a +3 quarterstaff of chaos
              (6 damage)
             ... on level 2 of the Dungeon.
             The game lasted 00:05:07 (2366 turns).

DenSaoPin the Charmwright (Demonspawn Skald)        Turns: 2366, Time: 00:05:08

Health: -2/28      AC:  5    Str: 11    XL:     3   Next: 96%
Magic:  6/6        EV: 12    Int: 14    God:
Gold:   77         SH:  0    Dex: 13    Spells: 5/6 levels left

rFire    . . .     SeeInvis .   j - +4 dagger
rCold    + . .     Gourm    .   (no shield)
rNeg     . . .     Faith    .   b - +0 leather armour
rPois    .         Spirit   .   (no helmet)
rElec    .         Reflect  .   (no cloak)
rCorr    .         Harm     .   (no gloves)
MR       .....                  (no boots)
Stlth    +.........             (no amulet)
HPRegen  0.09/turn              (no ring)
MPRegen  0.10/turn              (no ring)

@: no status effects
A: yellow scales 1, cold resistance 1
a: no special abilities


You were on level 2 of the Dungeon.
You were near starving.

You visited 1 branch of the dungeon, and saw 2 of its levels.

You collected 77 gold pieces.

Inventory:

Hand Weapons
 a - a +0 falchion
 j - a +4 dagger (weapon)
Armour
 b - a +0 leather armour (worn)
Jewellery
 g - an uncursed ring of stealth {unknown}
Scrolls
 c - 2 scrolls of remove curse {unknown}
 e - 4 scrolls of enchant armour {unknown}
 l - 4 scrolls of identify {unknown}
 m - a scroll of teleportation {unknown}
 n - a scroll of amnesia {unknown}
 o - a scroll of fog {unknown}
 q - a scroll of fear {unknown}
Potions
 f - a potion of brilliance {unknown}
 h - a potion of invisibility {unknown}
 i - a potion of cancellation {unknown}
 k - a potion of agility {unknown}
 p - a potion of curing {unknown}
Comestibles
 d - 6 rations


   Skills:
 + Level 2.4 Fighting
 + Level 0.5(1.4) Short Blades
 - Level 2.0(2.1) Long Blades
 + Level 1.4 Armour
 + Level 2.2 Dodging
 + Level 2.3 Spellcasting
 + Level 3.1 Charms


You had 5 spell levels left.
You knew the following spells:

 Your Spells              Type           Power        Failure   Level  Hunger
a - Infusion              Chrm           ##..         9%          1    #......

Your spell library contained the following spells:

 Spells                   Type           Power        Failure   Level  Hunger
 Song of Slaying          Chrm           ##......     13%         2    ###....
 Shroud of Golubria       Chrm/Tloc      #.........   24%         2    ###....
 Regeneration             Chrm/Necr      #.........   43%         3    ###....
 Spectral Weapon          Hex/Chrm       #.......     43%         3    ###....


Dungeon Overview and Level Annotations

Branches:
Dungeon (2/15)

Altars:

Annotations:
D:2 Crazy Yiuf


Innate Abilities, Weirdness & Mutations

You are partially covered in yellow scales. (AC +2)
Your flesh is cold resistant. (rC+)


Message History

Crazy Yiuf closely misses you.
You hit Crazy Yiuf.
Crazy Yiuf is almost dead.
Crazy Yiuf hits you with a +3 quarterstaff of chaos!
Crazy Yiuf burns you.
* * * LOW HITPOINT WARNING * * *
You completely miss Crazy Yiuf.
Crazy Yiuf is almost dead.
Crazy Yiuf hits you with a +3 quarterstaff of chaos.
* * * LOW HITPOINT WARNING * * *
You see here a mace.
You see here a mace.
You see here a mace.
There is an open door here.
There is an escape hatch in the ceiling here.
There is an open door here.
You closely miss Crazy Yiuf.
Crazy Yiuf is almost dead.
Crazy Yiuf hits you with a +3 quarterstaff of chaos.
You die...

#...'......#.#
#.#############
#####...#..#.#
#.........# #...#..#.#
#####.##### ######.#.#
#.# #......# #.# ####
#......# #.# ...#
#......#########.# ####
#.....>.......<#.#
########.@.#####.#
######.<....#g..#####.#
♣##....'......'..)'(....#
..#..###......#...#######
.....# #..............#
....## #..............#
P.###
#..............###### ♣##
#...................#
#...................#


You could see Crazy Yiuf.

Vanquished Creatures
  An adder (D:2)
  A worm (D:2)
  A dart slug (D:2)
  3 leopard geckos (D:2)
  A ball python (D:1)
  4 bats
  2 giant cockroaches (D:2)
  6 goblins
  5 hobgoblins
  6 jackals (D:1)
  6 frilled lizards
  6 kobolds
  3 rats
45 creatures vanquished.

Notes
Turn   | Place    | Note
-------+----------+-------------------------------------------
     0 | D:1      | DenSaoPin the Demonspawn Skald began the quest for the Orb.
     0 | D:1      | Reached XP level 1. HP: 16/16 MP: 3/3
    64 | D:1      | Reached skill level 1 in Armour
   531 | D:1      | Gained mutation: You are partially covered in yellow
                  | scales. (AC +2) [demonic ancestry]
   531 | D:1      | Reached XP level 2. HP: 22/22 MP: 5/5
  1282 | D:1      | Gained mutation: Your flesh is cold resistant. (rC+)
                  | [demonic ancestry]
  1282 | D:1      | Reached XP level 3. HP: 27/27 MP: 6/6
  1379 | D:2      | Reached skill level 3 in Charms
  1980 | D:2      | Found a runed translucent door.
  1981 | D:2      | Noticed Crazy Yiuf
  2366 | D:2      | Slain by Crazy Yiuf

Skill      XL: |  1  2  3 |
---------------+----------+-----
Armour         | 1 |  1.4
Long Blades    | 2 |  2.0
Dodging        | 2 |  2.2
Charms         | 3 |  3.1
Fighting       | |  2.4
Short Blades   | |  0.5
Spellcasting   | |  2.3

Action                   || total
-------------------------++-------
Melee: Falchion          ||    77
       Dagger            ||    84
 Cast: Infusion          ||     1
  Eat: Chunk             ||     3
Armor: Leather armour    ||    52
Dodge: Dodged            ||   119
       Rpst.: Falchion   ||    20
